 Dungeon Crawl Stone Soup version 0.20-a0-551-gc8f91ca (webtiles) character file.

67 Lahna the Shield-Bearer (level 3, -6/36 HPs)
             Began as a Troll Fighter on Feb 3, 2017.
             Killed by divine providence
             ... invoked by an orc priest
              (10 damage)
             ... on level 3 of the Dungeon.
             The game lasted 00:02:40 (1549 turns).

Lahna the Shield-Bearer (Troll Fighter)             Turns: 1549, Time: 00:02:41

Health: -6/36      AC:  5    Str: 25    XL:     3   Next: 98%
Magic:  2/2        EV:  8    Int:  4    God:
Gold:   90         SH: 11    Dex:  9    Spells: 2/2 levels left

rFire    . . .     SeeInvis .   a - +0 flail
rCold    . . .     Gourm    +   b - +0 robe
rNeg     . . .     Faith    .   c - +0 shield
rPois    .         Spirit   .   (helmet restricted)
rElec    .         Reflect  +   (no cloak)
rCorr    .         Harm     .   (gloves unavailable)
MR       .....                  (boots unavailable)
Stlth    +.........             o - +2 amulet of reflection
Regen    0.6/turn               (no ring)
                                (no ring)

@: no status effects
A: unfitting armour, claws 3, fast metabolism 3, gourmand, regeneration 1,
shaggy fur 1, tough skin 2
a: no special abilities


You were on level 3 of the Dungeon.
You were very full.

You visited 1 branch of the dungeon, and saw 3 of its levels.

You collected 90 gold pieces.

Inventory:

Hand Weapons
 a - a +0 flail (weapon)
Armour
 b - a +0 robe (worn)
 c - a +0 shield (worn)
Jewellery
 o - a +2 amulet of reflection (around neck)
Scrolls
 e - a scroll of random uselessness {unknown}
 g - 3 scrolls of identify {unknown}
 h - a scroll of remove curse {unknown}
 j - 2 scrolls of enchant weapon {unknown}
 k - 2 scrolls of teleportation {unknown}
 l - 2 scrolls of magic mapping {unknown}
 m - a scroll of recharging {unknown}
 n - a scroll of amnesia {unknown}
Potions
 d - a potion of might
Comestibles
 f - 3 bread rations
 i - a royal jelly
 p - a meat ration


   Skills:
 + Level 2.8 Fighting
 + Level 2.5 Maces & Flails
 + Level 2.7 Dodging
 - Level 3.0 Shields


You had 2 spell levels left.
You didn't know any spells.

Dungeon Overview and Level Annotations

Branches:
Dungeon (3/15)

Altars:


Innate Abilities, Weirdness & Mutations

You are too large for most types of armour.
You have claws for hands.
Your metabolism is lightning-fast.
You like to eat raw meat.
Your natural rate of healing is unusually fast.
You are covered in fur. (AC +1)
You have very tough skin. (AC +2)


Message History

You block the orc's attack. You block the orc priest's attack.
The orc hits you but does no damage. The orc barely misses you.
The orc priest barely misses you.
You hit the orc priest.
The orc priest is lightly wounded.
The orc hits you with a war axe! The orc barely misses you.
The orc hits you with a hand axe. You block the orc priest's attack.
Your shield prevents you from hitting the orc priest.
The orc priest is lightly wounded.
You block the orc's attack. The orc barely misses you.
You block the orc's attack.
The orc priest hits you with a falchion.
* * * LOW HITPOINT WARNING * * *
The kobold hits you but does no damage. The orc closely misses you.
The orc priest calls down the wrath of Beogh upon you.
Beogh smites you!
* * * LOW HITPOINT WARNING * * *
The orc priest calls down the wrath of Beogh upon you.
Beogh smites you!
You die...

..####<#.#
..........##+#####
##.####..........#
#.>........#
#..........#
#..........####
#.##..........#
+.##....o.....#
####....oo@...#
........K######
.......o.#
...............
...............
...............
...............
...............
######.........


You could see an orc priest, 3 orcs and a kobold.

Vanquished Creatures
  2 adders (D:2)
  2 worms (D:2)
  A dart slug (D:1)
  A leopard gecko (D:1)
  9 bats
  5 giant cockroaches
  4 goblins
  4 hobgoblins
  2 frilled lizards
  5 kobolds
  5 rats (D:2)
40 creatures vanquished.

Notes
Turn   | Place    | Note
-------+----------+-------------------------------------------
     0 | D:1      | Lahna the Troll Fighter began the quest for the Orb.
     0 | D:1      | Reached XP level 1. HP: 22/22 MP: 0/0
   110 | D:1      | Reached XP level 2. HP: 29/29 MP: 1/1
   694 | D:2      | Reached XP level 3. HP: 23/36 MP: 2/2
  1471 | D:2      | Reached skill level 3 in Shields
  1549 | D:3      | Killed from afar by an orc priest

Vault maps used:
D:1:      matt_arrival_grand_opening
D:3:      first_bread, yredelemnul_altar_generic

Skill      XL: |  1  2  3 |
---------------+----------+-----
Maces & Flails | 2 |  2.5
Shields        | 3 |  3.0
Fighting       | |  2.8
Dodging        | |  2.7

Action                   || total
-------------------------++-------
Melee: Flail             ||   178
 Stab: Sleeping          ||     1
  Eat: Chunk             ||    20
Armor: Robe              ||    77
Dodge: Dodged            ||    55
Block: Shield            ||   110
